 Dungeon Crawl Stone Soup version 0.27-a0-1281-ge233d83751 (webtiles) character file.

Game seed: 5726395295802656983

71 funkygono the Shield-Bearer (level 4, -4/37 HPs)
             Began as a Formicid Fighter on June 13, 2021.
             Slain by a gnoll (9 damage)
             ... on level 1 of the Dungeon.
             The game lasted 00:01:54 (1349 turns).

funkygono the Shield-Bearer (Formicid Fighter)      Turns: 1349, Time: 00:01:54

Health: -4/37      AC:  7    Str: 21    XL:     4   Next: 47%
Magic:  4/4        EV:  8    Int:  8    God:
Gold:   118        SH: 10    Dex: 16    Spells: 3/3 levels left

rFire    . . .     SeeInvis +   a - +0 flail
rCold    . . .     Faith    .   c - +0 kite shield
rNeg     . . .     Spirit   .   b - +0 scale mail
rPois    .         Reflect  .   (helmet unavailable)
rElec    .         Harm     .   (no cloak)
rCorr    .         Rampage  .   (no gloves)
Will     .....                  (no boots)
Stlth    ..........             (no amulet)
HPRegen  0.12/turn              e - +6 ring of dexterity
MPRegen  0.09/turn              (no ring)

@: no status effects
A: permanent stasis, dig shafts and tunnels, antennae 3, four strong arms
a: Dig, Shaft Self


You were on level 1 of the Dungeon.
You visited 1 branch of the dungeon, and saw 2 of its levels.

You collected 118 gold pieces.

Inventory:

Hand Weapons
 a - a +0 flail (weapon)
Armour
 b - a +0 scale mail (worn)
 c - a +0 kite shield (worn)
Jewellery
 e - a +6 ring of dexterity (left hand)
Scrolls
 f - a scroll of noise {unknown}
 g - 3 scrolls of identify {unknown}
Potions
 d - a potion of might


   Skills:
 + Level 4.0 Fighting
 + Level 2.7 Maces & Flails
 + Level 3.8 Armour
 + Level 4.3 Shields


You had 3 spell levels left.
You didn't know any spells.
Your spell library was empty.

Dungeon Overview and Level Annotations

Branches:
Dungeon (2/15)

Altars:


Innate Abilities, Weirdness & Mutations

You cannot be hasted, slowed, berserked, paralysed or teleported.
You can dig through walls and to a lower floor.
You have a pair of large antennae on your head. (SInv)
Your four strong arms can wield two-handed weapons with a shield.


Message History

The rat twitches its whiskers.
The hobgoblin closely misses you.
You hit the giant cockroach.
The giant cockroach is moderately wounded.
The giant cockroach barely misses you. You block the giant cockroach's attack.
You hit the giant cockroach.
The giant cockroach is heavily wounded.
The giant cockroach bites you but does no damage.
You block the giant cockroach's attack.
You thump the giant cockroach!
You kill the giant cockroach!
You hit the rat.
You kill the rat!
The hobgoblin hits you.
You hit the hobgoblin but do no damage. You block the hobgoblin's attack.
You closely miss the hobgoblin. The hobgoblin hits you.
You thump the hobgoblin!
You kill the hobgoblin!
You open the door.
A gnoll comes into view.
It is wielding a +0 whip of electrocution.
The gnoll shouts!
The gnoll hits you with a +0 whip of electrocution.
You are electrocuted!
You hit the gnoll but do no damage. You block the gnoll's attack. x2
You closely miss the gnoll. You block the gnoll's attack.
You thump the gnoll!
The gnoll is almost dead.
You block the gnoll's attack. The gnoll hits you but does no damage.
You are electrocuted!
* * * LOW HITPOINT WARNING * * *
You barely miss the gnoll.
The gnoll is almost dead.
The gnoll hits you with a +0 whip of electrocution.
* * * LOW HITPOINT WARNING * * *
You hit the gnoll but do no damage.
The gnoll is almost dead.
The gnoll hits you with a +0 whip of electrocution.
* * * LOW HITPOINT WARNING * * *
You are electrocuted!
You die...

#.....# #.....#
#.....# #.....#
#.....###
#.....'.#
##########.....###
#..............##.
#@##.########.###.
#g##'############+
#.#≈.≈≈≈≈≈≈≈≈≈#...
#.#≈..........'...
#.#≈.≈≈≈≈≈≈≈≈≈#...
#.#≈.≈.......≈#...
#.#≈.≈.≈≈≈≈≈.≈#...
#.#≈.≈.≈...≈.≈#..#
#≈.≈.≈#≈.≈.≈#..#


You could see a gnoll.

Vanquished Creatures
  2 adders (D:2)
  A worm (D:1)
  A dart slug (D:2)
  4 endoplasms (D:1)
  4 giant cockroaches
  5 hobgoblins
  7 jackals (D:1)
  A quokka (D:1)
  4 ball pythons
  3 bats
  2 frilled lizards
  4 goblins
  2 kobolds
  4 rats
44 creatures vanquished.

Notes
Turn   | Place    | Note
-------+----------+-------------------------------------------
     0 | D:1      | funkygono the Formicid Fighter began the quest for the Orb.
     0 | D:1      | Reached XP level 1. HP: 18/18 MP: 1/1
   237 | D:1      | Reached XP level 2. HP: 24/24 MP: 2/2
   587 | D:1      | Reached XP level 3. HP: 28/30 MP: 3/3
   750 | D:1      | You fall into a shaft and drop 1 floor!
   774 | D:2      | Found a faded altar of an unknown god.
   921 | D:2      | Reached XP level 4. HP: 26/37 MP: 4/4
  1349 | D:1      | Slain by a gnoll

Illustrated notes

Levels and vault maps discovered:
D:1:      onia_arrival_mini_maze_b, layout_basic, kennysheep_small_spiral
D:2:      layout_basic, basic_ecumenical_altar

Skill      XL: |  1  2  3  4 |
---------------+-------------+-----
Shields        | 4 |  4.3
Fighting       | 4 |  4.0
Maces & Flails | |  2.7
Armour         | |  3.8

Action                   |  1- 3 |  4- 6 || total
-------------------------+-------+-------++-------
Melee: Flail             |    82 |    41 ||   123
Armor: Scale mail        |    43 |    10 ||    53
Dodge: Dodged            |    21 |    11 ||    32
Block: Kite shield       |    63 |    17 ||    80

Table legend: (Time is in decaauts)
 A = Elapsed time spent in this place.
 B = Non-inter-level travel time spent in this place.
 C = Inter-level travel time spent in this place.
 D = Time resting spent in this place.
 E = Time spent auto-exploring this place.
 F = Levels seen in this place.
 G = Mean time per level.
                   A        B        C        D        E       F      G
               +--------+--------+--------+--------+--------+-----+--------+
         Total |   1410 |   1410 |      0 |      0 |   1031 |   2 |  705.0 |
       Dungeon |   1410 |   1410 |      0 |      0 |   1031 |   2 |  705.0 |
               +--------+--------+--------+--------+--------+-----+--------+

Top non-repeatable levels by time:
     D:1: 999 daAuts
     D:2: 411 daAuts
